 Dungeon Crawl Stone Soup version 0.29.1-2-gbd0b4ee654 (webtiles) character file.

Game seed: 7001110338647740390

4909 Theotherone the Cleaver (level 10, 0/88 HPs)
             Began as a Minotaur Berserker on Oct 16, 2022.
             Was a High Priest of Trog.
             Slain by an unseen horror (9 damage)
             ... on level 10 of the Dungeon on Nov 20, 2022.
             The game lasted 00:28:26 (6096 turns).

Theotherone the Cleaver (Minotaur Berserker)        Turns: 6096, Time: 00:28:27

Health: 0/88       AC: 15    Str: 33    XL:     10   Next: 27%
Magic:  18/18      EV:  9    Int:  2    God:    Trog [*****.]
Gold:   517        SH:  0    Dex: 20    Spells: 9/9 levels left

rFire   + + +      SeeInvis .   M - +6 hammer "Ocoskoed" {flame, rPois rF++ MP+9 Int-4}
rCold   . . .      Faith    .   (no shield)
rNeg    . . .      Spirit   .   Q - +0 plate armour
rPois   +          Reflect  .   (helmet restricted)
rElec   .          Harm     .   (no cloak)
rCorr   .          Rampage  .   (no gloves)
Will    .....                   i - +1 pair of boots
Stlth   ..........              j - amulet "Xerasmi" {Contam rF+ Regen+ Str+9 Dex+4}
HPRegen 1.04/turn               l - +6 ring of dexterity
MPRegen 0.16/turn               (no ring)

@: lethally poisoned (0 -> 0)
A: horns 2, retaliatory headbutt
a: Renounce Religion, Berserk, Trog's Hand, Brothers in Arms


You were on level 10 of the Dungeon.
You worshipped Trog.
Trog was extremely pleased with you.
You visited 1 branch of the dungeon, and saw 8 of its levels.
You also visited: Sewer and Ossuary.

You collected 517 gold pieces.

Inventory:

Hand Weapons
 a - a +1 hand axe
 s - a +0 sling
 u - a +4 quarterstaff
 z - the +4 hand axe "Qame" {flame, Fly Str+4}
   (You found it on level 4 of the Dungeon)

   It burns those it strikes, dealing additional fire damage.
   Big, fiery blades are also staple armaments of hydra-hunters.
   Str:       It affects your strength (+4).
   Fly:       It grants you flight.
 J - a +0 short sword of speed
 L - the +1 hammer of Kuiru {drain, Will+ Str+6}
   (You found it on level 6 of the Dungeon)

   A truly terrible weapon, it drains the life of any living foe it strikes.
   Str:       It affects your strength (+6).
   Will:      It increases your willpower.
 M - the +6 hammer "Ocoskoed" (weapon) {flame, rPois rF++ MP+9 Int-4}
   (You found it on level 6 of the Dungeon)

   It burns those it strikes, dealing additional fire damage.
   Int:       It affects your intelligence (-4).
   rF:        It greatly protects you from fire.
   rPois:     It protects you from poison.
   MP:        It affects your magic capacity (+9).
 N - a +0 war axe
 S - a +0 broad axe
Missiles
 G - 15 poisoned darts (quivered)
Armour
 b - a +0 animal skin
 e - a +0 chain mail
 i - a +1 pair of boots (worn)
 A - a +0 chain mail
 Q - a +0 plate armour (worn)
Jewellery
 j - the amulet "Xerasmi" (around neck) {Contam rF+ Regen+ Str+9 Dex+4}
   (You acquired it on level 4 of the Dungeon)

   [amulet of regeneration]

   Str:       It affects your strength (+9).
   Dex:       It affects your dexterity (+4).
   rF:        It protects you from fire.
   Contam:    It causes magical contamination when unequipped.
   Regen:     It increases your rate of health regeneration.
 k - a ring of protection from fire
 l - a +6 ring of dexterity (left hand)
 p - the ring "Wasabbiat" {Fire *Corrode rPois Int+2 Dex+6}
   (You found it on level 4 of the Dungeon)

   [ring of fire]

   It enhances your fire magic.
   Int:       It affects your intelligence (+2).
   Dex:       It affects your dexterity (+6).
   rF:        It protects you from fire.
   rC:        It makes you vulnerable to cold.
   rPois:     It protects you from poison.
   *Corrode:  It may corrode you when you take damage.
 P - a ring of ice
Wands
 B - a wand of acid (12)
 D - a wand of flame (28)
 R - a wand of paralysis (6)
Scrolls
 c - 2 scrolls of blinking
 h - 2 scrolls of immolation
 n - a scroll of poison {unknown}
 r - a scroll of silence {unknown}
 t - 3 scrolls of noise {unknown}
 y - 3 scrolls of magic mapping {unknown}
 E - 4 scrolls of teleportation
 I - a scroll of summoning {unknown}
 K - a scroll of butterflies {unknown}
 O - 2 scrolls of vulnerability {unknown}
Potions
 d - a potion of ambrosia {unknown}
 f - 5 potions of heal wounds
 m - 9 potions of curing
 o - 4 potions of lignification
 q - a potion of invisibility {unknown}
 v - 3 potions of brilliance {unknown}
 w - 2 potions of berserk rage
 x - 2 potions of flight {unknown}
 C - a potion of mutation {unknown}
 F - 3 potions of haste
 H - 3 potions of resistance {unknown}
Miscellaneous
 g - a piece from Xom's chessboard (15/15)


   Skills:
 + Level 7.8 Fighting
 - Level 14.2(14.7) Axes
 + Level 6.0(11.0) Maces & Flails
 + Level 7.3 Armour
 - Level 2.1 Dodging


You had 9 spell levels left.
You didn't know any spells.
Your spell library was empty.

Dungeon Overview and Level Annotations

Branches:
Dungeon (10/15)              Lair (0/5) D:10          Sewer (visited)
Ossuary (visited)
 Temple: D:4-7          Orc: D:9-12

Altars:
Ru
Sif Muna
Uskayaw
Wu Jian
Zin

Shops:
D:1 ?   D:4 [

Portals:
Trove: D:10 (give 14 potions of curing)


Innate Abilities, Weirdness & Mutations

You have a pair of horns on your head.
You reflexively headbutt those who attack you in melee.


Message History

Unknown command.
You hit something but do no damage.
Something hits you but does no damage. x2
Something hits you but does no damage.
A vampire comes into view.
Something hits you.
* * * LOW HITPOINT WARNING * * *
Something hits you but does no damage.
You recover from your berserk rage.
The vampire points at you and mumbles some strange words.
You resist with some effort.
A bullfrog comes into view.
A water moccasin comes into view.
The bullfrog croaks.
The water moccasin hisses angrily.
Something hits you but does no damage. x2
Something hits you but does no damage. x2
The vampire casts a spell.
The vampire flickers and vanishes!
Something hits you.
* * * LOW HITPOINT WARNING * * *
There is an open door here.
Something hits you but does no damage.
You hit something. You burn something. Your headbutt misses something.
Something hits you.
* * * LOW HITPOINT WARNING * * *
Something hits you but does no damage. The bullfrog closely misses you.
You furiously retaliate!
You headbutt the bullfrog! The bullfrog barely misses you.
The water moccasin bites you.
* * * LOW HITPOINT WARNING * * *
You are poisoned.
The water moccasin poisons you!
There is an open door here.
You sock the bullfrog! You burn the bullfrog.
Your headbutt misses the bullfrog.
The bullfrog is almost dead.
You feel sick. The bullfrog hits you.
* * * LOW HITPOINT WARNING * * *
Something hits you but does no damage.
The water moccasin bites you but does no damage.
The water moccasin attacks as you move away!
The water moccasin closely misses you.
You feel sick. Something hits you!
You die...

#..))).................†.....
#......................†.....
#<....................#......
#....................###.....
#.....................#......
#............................
#........#####...............
#........#...#...............
#........#.∩@'F..............
#........#...#S..........P...
.......#####.............P.
........................PPP
...............).........P.
.......................P...
.......................
......................
#.....................


You could see a water moccasin and a bullfrog.

Vanquished Creatures
  The ghost of lonewolfV2 the Shield-Bearer, a novice GnFi of Okawaru (D:4)
  A hornet (D:9)
  A shadow (D:9)
  A wraith (D:10)
  2 yaks (D:10)
  4 steam dragons
  An acid dragon (D:9)
  3 water moccasins
  Pargi (Sewer)
  Duvessa (D:6)
  A black bear (D:6)
  A sky beast (D:6)
  5 centaurs
  An ogre (D:4)
  3 kobold brigands
  5 bullfrogs
  A gnoll sergeant (D:9)
  A scorpion (D:5)
  2 water moccasin zombies (D:4)
  Dowan (D:6)
  6 killer bees (D:9)
  2 bullfrog zombies (D:4)
  2 quasits (D:4)
  An orc priest (D:9)
  Crazy Yiuf (D:6)
  A centaur skeleton (D:4)
  4 hounds
  Jessica (D:3)
  A scorpion zombie (D:4)
  3 iguanas
  8 orc wizards
  5 hound zombies (D:4)
  A mummy (Ossuary)
  4 gnolls
  6 adders
  A river rat (D:3)
  A white imp (D:5)
  2 ufetubi
  An adder skeleton (D:4)
  An adder zombie (D:4)
  5 worms
  3 dart slugs
  17 orcs
  2 spectral bats (Ossuary)
  9 ball pythons
  4 bats
  4 endoplasms
  7 giant cockroaches
  12 gnoll zombies (Ossuary)
  5 goblins
  11 hobgoblins
  10 jackals
  3 quokkas
  2 bat simulacra (Ossuary)
  A frilled lizard (D:1)
  3 goblin simulacra (Ossuary)
  6 goblin zombies (Ossuary)
  4 hobgoblin zombies (Ossuary)
  9 kobolds
  3 kobold simulacra (Ossuary)
  5 kobold zombies (Ossuary)
  3 orc zombies (Ossuary)
  8 rats
  2 rat simulacra (Ossuary)
  5 spectral rats (Ossuary)
232 creatures vanquished.

Vanquished Creatures (others)
  21 fungi
  19 plants (D:10)
  9 toadstools (D:6)
  2 withered plants (D:4)
51 creatures vanquished.

Grand Total: 283 creatures vanquished

Notes
Turn   | Place    | Note
-------+----------+-------------------------------------------
     0 | D:1      | Theotherone the Minotaur Berserker began the quest for the
                  | Orb.
     0 | D:1      | Reached XP level 1. HP: 19/19 MP: 0/0
    61 | D:1      | Reached skill level 4 in Axes
    61 | D:1      | Reached XP level 2. HP: 26/26 MP: 1/1
   473 | D:1      | Reached skill level 5 in Axes
   635 | D:1      | Found Iruakhli's Magic Scroll Boutique.
   705 | D:1      | Reached XP level 3. HP: 29/31 MP: 2/2
   836 | D:2      | Reached ** piety under Trog
  1056 | D:2      | Found a sacrificial altar of Ru.
  1229 | D:2      | Reached skill level 6 in Axes
  1229 | D:2      | Reached XP level 4. HP: 39/39 MP: 3/3
  1233 | D:2      | Found a faded altar of an unknown god.
  1477 | D:3      | Found an ornate altar of the Wu Jian Council.
  1584 | D:3      | Found a glowing drain.
  1588 | Sewer    | Entered a sewer
  1690 | Sewer    | Noticed Pargi
  1703 | Sewer    | Killed Pargi
  1704 | Sewer    | Reached skill level 7 in Axes
  1704 | Sewer    | Reached XP level 5. HP: 42/45 MP: 4/4
  1998 | D:3      | Noticed Jessica
  2006 | D:3      | Killed Jessica
  2042 | D:3      | Reached skill level 8 in Axes
  2226 | D:3      | Reached *** piety under Trog
  2622 | D:3      | Reached XP level 6. HP: 49/51 MP: 5/5
  2768 | D:3      | Found a glowing silver altar of Zin.
  2768 | D:3      | Noticed an angel
  2924 | D:4      | Identified a scroll of acquirement
  2924 | D:4      | Acquired the amulet "Xerasmi" {Contam rF+ Regen+ Str+9
                  | Dex+4}
  2947 | D:4      | Upgraded the game from 0.29.1-1-gd02db6906a to
                  | 0.29.1-2-gbd0b4ee654
  2994 | D:4      | Found a transporter.
  2996 | D:4      | Noticed lonewolfV2's ghost (novice GnFi)
  3000 | D:4      | Identified the ring "Wasabbiat" {Fire *Corrode rPois Int+2
                  | Dex+6}
  3005 | D:4      | Found a transporter.
  3016 | D:4      | Killed lonewolfV2's ghost
  3017 | D:4      | Reached skill level 10 in Axes
  3017 | D:4      | Reached XP level 7. HP: 57/57 MP: 6/6
  3237 | D:4      | Reached skill level 11 in Axes
  3249 | D:4      | Identified the +4 hand axe "Qame" {flame, Fly Str+4}
  3360 | D:4      | Found Dybraxa's Armour Emporium.
  3375 | D:4      | Reached XP level 8. HP: 64/64 MP: 7/7
  3558 | D:4      | Reached skill level 12 in Axes
  3637 | D:5      | Entered Level 5 of the Dungeon
  4181 | D:5      | Reached skill level 13 in Axes
  4353 | D:6      | Reached **** piety under Trog
  4463 | D:6      | Found a sand-covered staircase.
  4472 | Ossuary  | Entered an ossuary
  4855 | D:6      | Noticed Duvessa
  4859 | D:6      | Noticed Dowan
  4864 | D:6      | Killed Duvessa
  4865 | D:6      | Reached skill level 14 in Axes
  4868 | D:6      | Killed Dowan
  4869 | D:6      | Reached XP level 9. HP: 70/70 MP: 8/8
  5064 | D:6      | Found a shimmering blue altar of Sif Muna.
  5096 | D:6      | Identified the +1 hammer of Kuiru {drain, Will+ Str+6}
  5099 | D:6      | Found a runed translucent door.
  5100 | D:6      | Noticed Crazy Yiuf
  5107 | D:6      | Killed Crazy Yiuf
  5109 | D:6      | Identified the +6 hammer "Ocoskoed" {flame, rPois rF++ MP+9
                  | Int-4}
  5239 | D:6      | You fall into a shaft and drop 3 floors!
  5252 | D:9      | Reached skill level 1 in Maces & Flails
  5254 | D:9      | Reached skill level 5 in Fighting
  5286 | D:9      | Reached skill level 5 in Armour
  5373 | D:9      | Found a hide-covered altar of Uskayaw.
  5613 | D:9      | Reached ***** piety under Trog
  5740 | D:9      | Reached skill level 5 in Maces & Flails
  5740 | D:9      | Reached XP level 10. HP: 85/86 MP: 9/9
  5952 | D:10     | Entered Level 10 of the Dungeon
  5995 | D:10     | Found a portal to a secret trove of treasure.
  6034 | D:10     | Found a staircase to the Lair.
  6096 | D:10     | Slain by an unseen horror

Illustrated notes

Levels and vault maps discovered:
D:1:      dpeg_arrival_pond, layout_basic, serial_shops, nicolae_shop_crystal
D:2:      layout_basic, basic_altar, chequers_ecumenical_altar_island,
          chequers_serial_rivers_large_a
D:3:      layout_basic, zin_angel, nicolae_wu_jian_wuxing_cycle,
          gup_sewer_entry_spiral, uniq_jessica
D:4:      layout_gridville, gammafunk_ghost_stat_death, serial_shops, shop,
          serial_undead, serial_undead_d, serial_undead_e, serial_undead_a,
          serial_undead_e, serial_undead_b, serial_undead_e, serial_undead_e,
          serial_undead_f, grunt_decor_arrowhead
D:5:      layout_basic
D:6:      cheibrodos_fertilizer, layout_basic, lemuel_blue_sif_altar,
          nicolae_ossuary_entry_ruins, serial_glass, glass_columns_a,
          glass_columns_c, minmay_strange_pillars, feat_on_display,
          due_unseen_surprise, item_on_display_a,
          minmay_fractal_squares_gapless_5, uniq_crazy_yiuf_cottage,
          uniq_duvessa
D:9:      layout_rooms, mainiacjoe_overflow_chevrons, corner_web_ring,
          minmay_misc_feat_enclosed, st_stairs_10, minmay_holes,
          grunt_ministairs_6
D:10:     layout_big_octagon, due_lair_maze_entry_diamond, enter_trove_3,
          uniq_josephine

Skill      XL: |  1  2  3  4  5  6  7  8  9 10 |
---------------+-------------------------------+-----
Axes           | 4 5 6 7 8 10 11 14 | 14.2
Fighting       | 7 |  7.8
Armour         | 6 7 |  7.3
Maces & Flails | 5 6 |  6.0
Dodging        | |  2.1

Action                   |  1- 3 |  4- 6 |  7- 9 | 10-12 || total
-------------------------+-------+-------+-------+-------++-------
Melee: Hand axe          |    96 |    61 |   156 |       ||   313
       Headbutt          |    12 |    20 |    45 |     8 ||    85
       Punch             |     1 |       |     1 |       ||     2
       Quarterstaff      |       |    58 |    28 |       ||    86
       Mace              |       |       |    55 |    34 ||    89
Invok: Berserk           |       |     4 |     7 |     2 ||    13
       Trog's Hand       |       |       |       |     1 ||     1
Evoke: Wand              |       |       |       |     1 ||     1
  Use: Scroll            |       |     9 |       |     3 ||    12
       Potion            |       |       |       |     2 ||     2
Armor: Chain mail        |    59 |    87 |   143 |       ||   289
       Plate armour      |       |       |       |    86 ||    86
Dodge: Dodged            |    44 |    68 |   129 |    23 ||   264
